 Dungeon Crawl Stone Soup version 0.30-a0-760-g5a9884bb7c (webtiles) character file.

Game seed: 13869411859921797526

21385 Dirtsage the Fencer (level 12, -3/105 HPs)
             Began as a Merfolk Gladiator on Feb 11, 2023.
             Was a Priest of Wu Jian.
             Slain by a six-headed hydra (7 damage)
             ... on level 3 of the Lair of Beasts.
             The game lasted 00:37:11 (12164 turns).

Dirtsage the Fencer (Merfolk Gladiator)            Turns: 12164, Time: 00:37:11

Health: -3/105     AC: 14    Str: 15    XL:     12   Next: 89%
Magic:  12/12      EV: 27    Int:  7    God:    Wu Jian [***...]
Gold:   612        SH:  5    Dex: 20    Spells: 11/11 levels left

rFire   . . .      SeeInvis +    b - +1 short sword (vamp)
rCold   + + +      Faith    .    (no shield)
rNeg    . . .      Spirit   .    Q - +4 skin of Zhor {*Englaciate rC+++ SInv}
rPois   .          Reflect  +    c - +0 helmet
rElec   .          Harm     .    v - +0 cloak
rCorr   .          Rampage  .    y - +0 pair of gloves
Will    .....                    R - +0 pair of boots
Stlth   ++                       i - amulet of reflection
HPRegen 0.37/turn                L - +4 ring of protection
MPRegen 0.13/turn                p - +5 ring of evasion

@: studying Unarmed Combat
A: (nimble swimmer 2), mertail
a: Renounce Religion, Wall Jump, Serpent's Lash


You were on level 3 of the Lair of Beasts.
You worshipped Wu Jian.
Wu Jian was most pleased with you.
You visited 3 branches of the dungeon, and saw 14 of its levels.

You collected 808 gold pieces.
You spent 196 gold pieces at shops.

Inventory:

Hand Weapons
 a - a +0 long sword
 b - a +1 vampiric short sword (weapon)
 B - a +0 rapier
Missiles
 e - a javelin
 s - 3 throwing nets (quivered)
Armour
 c - a +0 helmet (worn)
 v - a +0 cloak (worn)
 y - a +0 pair of gloves (worn)
 Q - the +4 skin of Zhor (worn) {*Englaciate rC+++ SInv}
   (You found it on level 7 of the Dungeon)

   *Englaciate: It radiates cold, occasionally slowing all nearby creatures who
   are not resistant to cold.
   rC:        It renders you almost immune to cold.
   SInv:      It lets you see invisible.
 R - a +0 pair of boots (worn)
Jewellery
 i - an amulet of reflection (around neck)
 p - a +5 ring of evasion (right hand)
 u - a +6 ring of dexterity
 C - a ring of resist corrosion
 F - a ring of protection from fire
 L - a +4 ring of protection (left hand)
 P - a ring of poison resistance
 X - a +4 ring of protection
Wands
 H - a wand of iceblast (12)
 K - a wand of paralysis (16)
 N - a wand of flame (15)
 O - a wand of acid (2)
Scrolls
 d - a scroll of immolation {unknown}
 f - 4 scrolls of blinking {unknown}
 g - 3 scrolls of vulnerability {unknown}
 j - 2 scrolls of enchant armour {unknown}
 k - 10 scrolls of identify {unknown}
 n - 3 scrolls of amnesia {unknown}
 t - 6 scrolls of teleportation
 w - 3 scrolls of enchant weapon {unknown}
 A - 2 scrolls of fog {unknown}
 E - 6 scrolls of poison {unknown}
 G - 4 scrolls of noise {unknown}
 M - 2 scrolls of magic mapping {unknown}
Potions
 h - 2 potions of degeneration {unknown}
 l - 3 potions of heal wounds
 m - 3 potions of flight
 o - 5 potions of haste {unknown}
 q - 3 potions of curing
 r - a potion of berserk rage {unknown}
 x - a potion of lignification {unknown}
 z - a potion of ambrosia {unknown}
 D - a potion of invisibility
 I - a potion of cancellation {unknown}
 J - 2 potions of brilliance {unknown}
 S - a potion of resistance {unknown}
 T - a potion of attraction {unknown}
 V - a potion of mutation {unknown}
Miscellaneous
 U - a tin of tremorstones (2/2)
 W - a box of beasts


   Skills:
 + Level 13.1 Fighting
 + Level 15.2 Long Blades
 - Level 2.0 Throwing
 + Level 13.3 Dodging
 + Level 1.6 Shields
 + Level 6.8 Evocations


You had 11 spell levels left.
You didn't know any spells.
Your spell library contained the following spells:

 Spells                   Type           Power      Damage    Failure   Level
 Freeze                   Ice            0%         1d3       43%         1
 Magic Dart               Conj           0%         1d3       43%         1
 Sandblast                Erth           0%         2d4       43%         1
 Sting                    Tmut/Pois      0%         1d3       43%         1
 Blink                    Tloc           0%         N/A       56%         2
 Call Imp                 Summ           0%         N/A       56%         2
 Ensorcelled Hibernation  Hex/Ice        0%         N/A       56%         2
 Lesser Beckoning         Tloc           0%         N/A       56%         2
 Momentum Strike          Conj/Tloc      0%         3d8       56%         2
 Passwall                 Tmut/Erth      0%         N/A       56%         2
 Poisonous Vapours        Pois/Air       0%         N/A       56%         2
 Dazzling Flash           Conj/Hex       0%         N/A       80%         3
 Frozen Ramparts          Ice            0%         1d1       80%         3
 Hailstorm                Conj/Ice       0%         3d3       80%         3
 Mephitic Cloud           Conj/Pois/Air  0%         N/A       80%         3
 Stone Arrow              Conj/Erth      0%         3d7       80%         3
 Swiftness                Air            0%         N/A       80%         3
 Animate Armour           Summ/Erth      0%         N/A       99%         4
 Olgreb's Toxic Radiance  Pois           0%         N/A       99%         4
 Summon Lightning Spire   Summ/Air       0%         N/A       99%         4
 Agony                    Necr           0%         N/A       100%        5
 Silence                  Hex/Air        0%         N/A       100%        5
 Storm Form               Tmut/Air       0%         N/A       100%        7
 Lehudib's Crystal Spear  Conj/Erth      0%         10d2      100%        8
 Maxwell's Capacitive Co  Air            0%         ∞         100%        8


Dungeon Overview and Level Annotations

Branches:
Dungeon (10/15)            Temple (1/1) D:7            Lair (3/5) D:10
  Swamp (0/4) Lair:3       Spider (0/4) Lair:2
    Orc: D:9-12

Altars:
Ashenzari
Cheibriados
Dithmenos
Elyvilon
Fedhas
Gozag
Hepliaklqana
Kikubaaqudgha
Makhleb
Nemelex Xobeh
Okawaru
Qazlal
Ru
Sif Muna
Trog
Vehumet
Wu Jian
Xom
Yredelemnul
Zin
The Shining One

Shops:
D:7 !

Annotations:
D:8 3 runed translucent doors, mopl's ghost, novice VSBr
Lair:3 1 runed translucent door, Flugkiller's ghost, journeyman OpWn


Innate Abilities, Weirdness & Mutations

((You are very nimble when in or above water. (Stealth+, EV+, Speed+++)))
Your lower body shifts to a powerful aquatic tail in water.


Message History

The six-headed hydra completely misses you.
The six-headed hydra bites you!
* * * LOW HITPOINT WARNING * * *
You block the six-headed hydra's attack.
You take 11 damage, and have 28/105 hp.
You hit the six-headed hydra.
You feel better.
The six-headed hydra is moderately wounded.
Aiming: Paralyse
Press: ? - help, Shift-Dir - straight line, f - six-headed hydra
Aim: a six-headed hydra (moderately wounded, chance to affect: 31%)
The six-headed hydra easily resists.
You block the six-headed hydra's attack.
The six-headed hydra bites you!
* * * LOW HITPOINT WARNING * * *
The six-headed hydra closely misses you.
The six-headed hydra barely misses you. The six-headed hydra misses you.
The six-headed hydra closely misses you.
You take 10 damage, and have 19/105 hp.
Aiming: Paralyse
Press: ? - help, Shift-Dir - straight line, f/p - six-headed hydra
Aim: a six-headed hydra (moderately wounded, chance to affect: 31%)
The six-headed hydra easily resists.
The six-headed hydra completely misses you.
You block the six-headed hydra's attack.
The six-headed hydra bites you but does no damage.
The six-headed hydra barely misses you. The six-headed hydra misses you.
The six-headed hydra bites you.
* * * LOW HITPOINT WARNING * * *
You take 5 damage, and have 14/105 hp.
Aiming: Paralyse
Press: ? - help, Shift-Dir - straight line, f/p - six-headed hydra
Aim: a six-headed hydra (moderately wounded, chance to affect: 31%)
The six-headed hydra easily resists.
The six-headed hydra closely misses you.
The six-headed hydra bites you but does no damage.
The six-headed hydra bites you!
* * * LOW HITPOINT WARNING * * *
You block the six-headed hydra's attack.
The six-headed hydra bites you!
You die...

.## ♣.♣.♣♣♣..### ...#.... .#
#........#.##........
#######.........#...##.P...
###.##.....................
.###.............P...>.....
...#...............#.......
..............†............
...##........#..#......#...
....###......#.†@..........
...##............D....####...
##........≈≈...†.....## >..
##....§≈§§≈≈≈≈§§§..P.#####...
Y....≈§≈§§≈§§≈§≈§...#.#......
....≈≈§§≈≈≈§§≈§§≈≈..........
...≈≈§§≈≈§§§§≈≈≈≈≈§...#..##
..§≈≈§≈§§≈≈≈≈≈≈≈§≈≈≈$..#..###
..§≈≈≈§≈≈....≈≈≈≈≈≈§........#


You could see a six-headed hydra.

Vanquished Creatures
  A boulder beetle (Lair:2)
  4 death yaks (Lair:1)
  A pharaoh ant (Lair:2)
  A skyshark (Lair:3)
  3 elephants (Lair:3)
  A black mamba (Lair:3)
  7 cane toads
  4 rime drakes
  2 komodo dragons (Lair:3)
  A polar bear (Lair:2)
  2 tarantellas (Lair:2)
  12 blink frogs
  A wyvern (Lair:1)
  A wraith (D:6)
  17 yaks
  Eustachio (D:5)
  3 steam dragons
  2 basilisks
  A redback (Lair:2)
  6 vampire mosquitoes (Lair:3)
  6 water moccasins
  3 orc warriors
  4 black bears
  2 ice beasts
  An ogre (D:4)
  6 centaurs
  10 wolves (Lair:1)
  A kobold brigand (D:6)
  9 bullfrogs
  A gnoll sergeant (D:8)
  2 scorpions
  11 wights
  4 howler monkeys
  2 hounds
  2 gnoll boudas
  3 jellies
  5 orc priests
  Jessica (D:2)
  3 iguanas
  8 orc wizards
  7 adders
  17 gnolls
  A white imp (D:5)
  2 ufetubi
  2 worms
  2 dart slugs (D:2)
  27 orcs
  4 ball pythons
  4 bats
  6 endoplasms
  3 giant cockroaches
  12 goblins
  10 hobgoblins
  12 jackals
  3 quokkas
  7 frilled lizards
  11 kobolds
  4 rats
289 creatures vanquished.

Vanquished Creatures (others)
  6 fungi
  7 plants
13 creatures vanquished.

Grand Total: 302 creatures vanquished

Notes
Turn   | Place    | Note
-------+----------+-------------------------------------------
     0 | D:1      | Dirtsage the Merfolk Gladiator began the quest for the Orb.
     0 | D:1      | Reached XP level 1. HP: 16/16 MP: 1/1
    17 | D:1      | Found a faded altar of an unknown god.
    23 | D:1      | Reached skill level 4 in Long Blades
   139 | D:1      | Reached XP level 2. HP: 20/22 MP: 2/2
   433 | D:1      | Reached skill level 5 in Long Blades
   433 | D:1      | Reached XP level 3. HP: 25/27 MP: 3/3
  1004 | D:2      | Noticed Jessica
  1012 | D:2      | Killed Jessica
  1013 | D:2      | Reached skill level 6 in Long Blades
  1013 | D:2      | Reached XP level 4. HP: 18/33 MP: 4/4
  1275 | D:2      | You fall into a shaft and drop 2 floors!
  1404 | D:3      | Found a burning altar of Makhleb.
  1462 | D:3      | Reached XP level 5. HP: 31/38 MP: 5/5
  2338 | D:3      | Reached skill level 7 in Long Blades
  2440 | D:3      | Found a bloodstained altar of Trog.
  2585 | D:3      | Reached XP level 6. HP: 44/44 MP: 6/6
  2594 | D:3      | Reached skill level 8 in Long Blades
  2916 | D:4      | Found a radiant altar of Vehumet.
  3300 | D:5      | Entered Level 5 of the Dungeon
  3359 | D:5      | Noticed a black bear
  3365 | D:5      | Killed a black bear
  3366 | D:5      | Reached XP level 7. HP: 52/52 MP: 7/7
  3379 | D:5      | Reached skill level 9 in Long Blades
  3430 | D:5      | Reached skill level 5 in Dodging
  3621 | D:5      | Noticed Eustachio
  3690 | D:5      | Killed Eustachio
  3691 | D:5      | Reached XP level 8. HP: 60/60 MP: 8/8
  3817 | D:5      | Reached skill level 10 in Long Blades
  4993 | D:6      | Reached skill level 5 in Fighting
  5081 | D:6      | Noticed a wraith
  5087 | D:6      | Reached skill level 11 in Long Blades
  5091 | D:6      | Killed a wraith
  5101 | D:6      | Reached XP level 9. HP: 68/68 MP: 9/9
  5484 | D:6      | Found a snail-covered altar of Cheibriados.
  5848 | D:7      | Reached skill level 12 in Long Blades
  5856 | D:7      | Found a staircase to the Ecumenical Temple.
  5877 | Temple   | Entered the Ecumenical Temple
  6022 | Temple   | Became a worshipper of the Wu Jian Council
  6198 | D:7      | Found Motzucesm's Distillery.
  6201 | D:7      | Bought a potion of invisibility for 112 gold pieces
  6201 | D:7      | Bought a potion of curing for 42 gold pieces
  6201 | D:7      | Bought a potion of flight for 42 gold pieces
  6210 | D:7      | Found the +4 skin of Zhor {*Englaciate rC+++ SInv}
  6269 | D:7      | Noticed a rime drake
  6291 | D:7      | Killed a rime drake
  6292 | D:7      | Noticed a rime drake
  6293 | D:7      | Noticed a rime drake
  6305 | D:7      | Killed a rime drake
  6308 | D:7      | Killed a rime drake
  6309 | D:7      | Reached skill level 13 in Long Blades
  6480 | D:7      | Reached XP level 10. HP: 79/79 MP: 10/10
  6971 | D:8      | Found a shadowy altar of Dithmenos.
  7278 | D:8      | Reached * piety under Wu Jian
  7305 | D:8      | Found a runed translucent gate.
  7306 | D:8      | Found a runed translucent gate.
  7307 | D:8      | Found a runed translucent gate.
  7308 | D:8      | Noticed mopl's ghost (novice VSBr)
  7957 | D:9      | Reached skill level 14 in Long Blades
  7961 | D:9      | Reached skill level 10 in Dodging
  8251 | D:9      | Reached skill level 1 in Evocations
  8474 | D:10     | Entered Level 10 of the Dungeon
  8486 | D:10     | Noticed a death yak
  8636 | D:10     | Identified the +1 leather armour of Apathy {Int+6 Dex+3}
  8706 | D:10     | Found a white marble altar of Elyvilon.
  8826 | D:10     | Found a staircase to the Lair.
  8827 | D:10     | Noticed a two-headed ogre
  8829 | D:10     | Noticed a death yak
  8830 | D:10     | Noticed a death yak
  8834 | Lair:1   | Entered Level 1 of the Lair of Beasts
  8834 | Lair:1   | Noticed a cane toad
  8860 | Lair:1   | Killed a cane toad
  8878 | Lair:1   | Killed a death yak
  8879 | Lair:1   | Reached XP level 11. HP: 74/89 MP: 11/11
  9066 | Lair:1   | Reached ** piety under Wu Jian
  9198 | Lair:1   | Reached skill level 10 in Fighting
  9451 | Lair:1   | Noticed a death yak
  9451 | Lair:1   | Noticed a death yak
  9451 | Lair:1   | Noticed a death yak
  9463 | Lair:1   | Killed a death yak
  9475 | Lair:1   | Killed a death yak
  9493 | Lair:1   | Killed a death yak
  9494 | Lair:1   | Reached skill level 5 in Evocations
  9932 | Lair:1   | Found a blossoming altar of Fedhas.
 10252 | Lair:2   | Reached XP level 12. HP: 101/101 MP: 12/12
 10771 | Lair:2   | Noticed a boulder beetle
 10833 | Lair:2   | Killed a boulder beetle
 11125 | Lair:2   | Found a hole to the Spider Nest.
 11313 | Lair:3   | Found a staircase to the Swamp.
 11349 | Lair:3   | Reached *** piety under Wu Jian
 11610 | Lair:3   | Found a runed translucent door.
 11611 | Lair:3   | Found a shimmering altar of Xom.
 11611 | Lair:3   | Noticed Flugkiller's ghost (journeyman OpWn)
 11791 | Lair:3   | Reached skill level 15 in Long Blades
 12010 | Lair:3   | Reached skill level 1 in Shields
 12115 | Lair:3   | Noticed a six-headed hydra
 12164 | Lair:3   | HP: 4/105 [six-headed hydra (10)]
 12164 | Lair:3   | Slain by a six-headed hydra

Illustrated notes

Levels and vault maps discovered:
D:1:      ncdulo_watergridlock, layout_basic, basic_ecumenical_altar,
          minmay_misc_feat_rows
D:2:      layout_basic, uniq_jessica
D:3:      layout_rooms, nicolae_overflow_hidden_temple, bloody_trog
D:4:      layout_rooms, overflow_temple_1_default
D:5:      layout_layer_cave, uniq_eustachio
D:6:      layout_gridville, old_standard_altar, minivault_11
D:7:      layout_basic, minmay_temple_entry_offerings, serial_shops,
          kennysheep_mini_moat, hellmonk_guarded_unrand_zhor
D:8:      layout_loops_ring, mainiacjoe_overflow_boulevard,
          gammafunk_ghost_necromancy, nicolae_fountain_basement
D:9:      layout_basic, columned_hall_lemuel, kennysheep_doodads
D:10:     layout_irregular_city, elyvilon_altar_1, dpeg_lair_monsters
Temple:   nicolae_temple_elliptical
Lair:1:   layout_roguey, lemuel_centaur_altar
Lair:2:   layout_gridlike, nicolae_spider_entry_lesser_pyramids,
          nicolae_quartered_pool_little
Lair:3:   layout_misc_corridors, minmay_swamp_entry_swarm, ebering_ghost_xom,
          minmay_lindwurm_lava, grunt_megastairs_4, lemuel_fruit_tree

Skill      XL: |  1  2  3  4  5  6  7  8  9 10 11 12 |
---------------+-------------------------------------+-----
Long Blades    | 4 5 6 7 8 9 11 13 14 15 | 15.2
Fighting       | 3 4 5 7 9 11 13 | 13.1
Dodging        | 5 7 8 10 12 13 | 13.3
Evocations     | 2 5 6 |  6.8
Shields        | 1 |  1.6
Throwing       | |  2.0

Action                     |  1- 3 |  4- 6 |  7- 9 | 10-12 || total
---------------------------+-------+-------+-------+-------++-------
  Melee: Long sword        |    79 |   203 |   305 |  1072 ||  1659
         Punch             |       |       |     5 |    22 ||    27
         Tailslap          |       |       |       |     4 ||     4
         Short sword       |       |       |       |    12 ||    12
Ability: Lunge             |       |       |     3 |    35 ||    38
         Whirlwind         |       |       |       |   259 ||   259
         Wall Jump         |       |       |       |     5 ||     5
  Evoke: Wand              |       |       |       |     5 ||     5
    Use: Potion            |       |     1 |     3 |     3 ||     7
         Scroll            |       |     1 |       |       ||     1
   Stab: Sleeping          |     1 |     1 |       |     2 ||     4
         Distracted        |       |     1 |       |     2 ||     3
         Invisible         |       |       |     5 |       ||     5
 Armour: Leather armour    |    10 |    42 |       |       ||    52
         Ring mail         |       |     7 |    29 |       ||    36
         Animal skin       |       |       |     3 |   103 ||   106
  Dodge: Dodged            |    56 |   138 |   253 |   559 ||  1006
  Block: Other             |       |    42 |    64 |   123 ||   229
         Reflection        |       |       |       |     6 ||     6

Table legend: (Time is in decaauts)
 A = Elapsed time spent in this place.
 B = Non-inter-level travel time spent in this place.
 C = Inter-level travel time spent in this place.
 D = Time resting spent in this place.
 E = Time spent auto-exploring this place.
 F = Levels seen in this place.
 G = Mean time per level.
                   A        B        C        D        E       F      G
               +--------+--------+--------+--------+--------+-----+--------+
         Total |  11932 |  11530 |    402 |    242 |   8775 |  14 |  852.3 |
       Dungeon |   8615 |   8276 |    339 |    109 |   6436 |  10 |  861.5 |
        Temple |    155 |    146 |      9 |      0 |    111 |   1 |  155.0 |
          Lair |   3161 |   3107 |     54 |    133 |   2228 |   3 | 1053.7 |
               +--------+--------+--------+--------+--------+-----+--------+

Top non-repeatable levels by time:
     D:5: 1499 daAuts
     D:2: 1331 daAuts
  Lair:1: 1255 daAuts
  Lair:2: 1137 daAuts
     D:6: 960 daAuts
     D:7: 874 daAuts
     D:8: 836 daAuts
  Lair:3: 768 daAuts
     D:9: 765 daAuts
     D:1: 739 daAuts
     D:3: 710 daAuts
     D:4: 539 daAuts
    D:10: 357 daAuts
  Temple: 155 daAuts
